[Event "Live Chess"]
[Site "Chess.com"]
[Date "2010.12.07"]
[Round "-"]
[White "hipposcottimus"]
[Black "bigballsnwtn"]
[Result "0-1"]
[CurrentPosition "4kb1r/pp2p1pp/8/2p1N3/2Pr1q2/8/PP2R1PP/R3Q2K w k -"]
[Timezone "UTC"]
[ECO "B27"]
[ECOUrl "https://www.chess.com/openings/Sicilian-Defense-Brussels-Gambit"]
[UTCDate "2010.12.07"]
[UTCTime "01:23:39"]
[WhiteElo "1637"]
[BlackElo "1871"]
[TimeControl "60"]
[Termination "bigballsnwtn won on time"]
[StartTime "01:23:39"]
[EndDate "2010.12.07"]
[EndTime "01:25:27"]
[Link "https://www.chess.com/game/live/74775173"]

1. e4 c5 2. Nf3 f5 3. c4 fxe4 4. Ng5 Nf6 5. f3 d5 6. fxe4 dxe4 7. d3 exd3 8. Bxd3 Nc6 9. O-O Bg4 10. Qe1 Qxd3 11. Ne6 Bxe6 12. Qxe6 Nd4 13. Qe1 Ne2+ 14. Kh1 Ng4 15. Nd2 Rd8 16. Nf3 Ne3 17. Bxe3 Qxe3 18. Rf2 Rd3 19. Rxe2 Qf4 20. Ne5 Rd4 0-1

[Event "Live Chess"]
[Site "Chess.com"]
[Date "2010.12.07"]
[Round "-"]
[White "bigballsnwtn"]
[Black "hipposcottimus"]
[Result "1-0"]
[CurrentPosition "5rk1/pp4pp/2p5/3p4/2PP2rP/2P4K/P7/5R1R b - -"]
[Timezone "UTC"]
[ECO "D31"]
[ECOUrl "https://www.chess.com/openings/Queens-Gambit-Declined-Semi-Slav-Defense-Accelerated-Move-Order"]
[UTCDate "2010.12.07"]
[UTCTime "01:21:31"]
[WhiteElo "1868"]
[BlackElo "1640"]
[TimeControl "60"]
[Termination "bigballsnwtn won on time"]
[StartTime "01:21:31"]
[EndDate "2010.12.07"]
[EndTime "01:23:25"]
[Link "https://www.chess.com/game/live/74774687"]

1. d4 d5 2. c4 c6 3. Nc3 e6 4. Nf3 Bb4 5. Bg5 f6 6. Bf4 Bxc3+ 7. bxc3 Nd7 8. e3 Ne7 9. Nh4 Ng6 10. Qh5 Kf7 11. Bd3 f5 12. O-O Qxh4 13. Qxh4 Nxh4 14. Bg5 Ng6 15. g4 Rf8 16. gxf5 exf5 17. Bxf5 Nf6 18. Bd3 Kg8 19. h4 Nh5 20. Kg2 Bf5 21. Bxf5 Rxf5 22. Rh1 Raf8 23. f4 Nhxf4+ 24. exf4 Nxf4+ 25. Bxf4 Rxf4 26. Raf1 Rg4+ 27. Kh3 1-0

[Event "Live Chess"]
[Site "Chess.com"]
[Date "2010.12.07"]
[Round "-"]
[White "hipposcottimus"]
[Black "bigballsnwtn"]
[Result "0-1"]
[CurrentPosition "r5k1/4B1pp/p1pQ2n1/8/4p3/P7/q5PP/5R1K w - -"]
[Timezone "UTC"]
[ECO "B20"]
[ECOUrl "https://www.chess.com/openings/Sicilian-Defense"]
[UTCDate "2010.12.07"]
[UTCTime "01:19:09"]
[WhiteElo "1644"]
[BlackElo "1864"]
[TimeControl "60"]
[Termination "bigballsnwtn won on time"]
[StartTime "01:19:09"]
[EndDate "2010.12.07"]
[EndTime "01:21:13"]
[Link "https://www.chess.com/game/live/74774199"]

1. e4 c5 2. Bb5 a6 3. Be2 f5 4. Nf3 fxe4 5. Ng5 Nf6 6. f3 exf3 7. Nxf3 d5 8. O-O Bf5 9. d3 e6 10. Na3 Bd6 11. c4 Nc6 12. cxd5 exd5 13. Bg5 O-O 14. d4 cxd4 15. Nxd4 Be4 16. Bf3 Bxa3 17. Nxc6 bxc6 18. bxa3 Qb6+ 19. Kh1 Nd7 20. Bxe4 Rxf1+ 21. Qxf1 dxe4 22. Be7 Ne5 23. Qf4 Ng6 24. Qd6 Qb2 25. Rf1 Qxa2 0-1

[Event "Live Chess"]
[Site "Chess.com"]
[Date "2010.12.07"]
[Round "-"]
[White "bigballsnwtn"]
[Black "hipposcottimus"]
[Result "1-0"]
[CurrentPosition "r1bq1rBk/p5pQ/1pp1p3/3pP3/1b5p/2N1P3/PP3P1P/R3K3 b Q -"]
[Timezone "UTC"]
[ECO "D11"]
[ECOUrl "https://www.chess.com/openings/Slav-Defense-Modern-Line"]
[UTCDate "2010.12.07"]
[UTCTime "01:17:24"]
[WhiteElo "1860"]
[BlackElo "1648"]
[TimeControl "60"]
[Termination "bigballsnwtn won by checkmate"]
[StartTime "01:17:24"]
[EndDate "2010.12.07"]
[EndTime "01:18:54"]
[Link "https://www.chess.com/game/live/74773833"]

1. d4 d5 2. c4 c6 3. Nf3 Nd7 4. Nc3 e6 5. Bf4 Ngf6 6. e3 Be7 7. Bd3 O-O 8. Qc2 Nb6 9. c5 Nbd7 10. Ne5 b6 11. g4 Nxe5 12. dxe5 Nxg4 13. Rg1 Bxc5 14. Rxg4 Bb4 15. Bxh7+ Kh8 16. Bg5 f6 17. Rh4 fxg5 18. Bg8+ gxh4 19. Qh7# 1-0

[Event "Live Chess"]
[Site "Chess.com"]
[Date "2010.12.07"]
[Round "-"]
[White "bigballsnwtn"]
[Black "hipposcottimus"]
[Result "1-0"]
[CurrentPosition "6k1/ppq3pp/2pN4/2Bn4/2QP4/2P4P/P1b3P1/5K2 b - -"]
[Timezone "UTC"]
[ECO "C28"]
[ECOUrl "https://www.chess.com/openings/Bishops-Opening-Berlin-Vienna-Hybrid-Variation-4...Bb4"]
[UTCDate "2010.12.07"]
[UTCTime "01:15:04"]
[WhiteElo "1852"]
[BlackElo "1656"]
[TimeControl "60"]
[Termination "bigballsnwtn won on time"]
[StartTime "01:15:04"]
[EndDate "2010.12.07"]
[EndTime "01:16:44"]
[Link "https://www.chess.com/game/live/74773302"]

1. e4 e5 2. Bc4 Nf6 3. d3 Nc6 4. Nc3 Bb4 5. f4 Bxc3+ 6. bxc3 d5 7. exd5 Nxd5 8. fxe5 Nxe5 9. d4 Nxc4 10. Nf3 O-O 11. O-O Bg4 12. h3 Bh5 13. Qd3 Bg6 14. Qxc4 c6 15. Ne5 Bxc2 16. Ba3 Re8 17. Nxf7 Qb6 18. Bc5 Qc7 19. Nd6 Rf8 20. Rxf8+ Rxf8 21. Rf1 Rxf1+ 22. Kxf1 1-0

[Event "Live Chess"]
[Site "Chess.com"]
[Date "2010.12.07"]
[Round "-"]
[White "hipposcottimus"]
[Black "bigballsnwtn"]
[Result "0-1"]
[CurrentPosition "3r1rk1/ppp1ppbp/6p1/4P1N1/1PP2P2/2R4P/PB2n1P1/5RK1 w - -"]
[Timezone "UTC"]
[ECO "B06"]
[ECOUrl "https://www.chess.com/openings/Modern-Defense-with-1-d4-2.c4-Bg7-3.e4-d6"]
[UTCDate "2010.12.07"]
[UTCTime "01:13:54"]
[WhiteElo "1660"]
[BlackElo "1848"]
[TimeControl "60"]
[Termination "bigballsnwtn won by resignation"]
[StartTime "01:13:54"]
[EndDate "2010.12.07"]
[EndTime "01:14:54"]
[Link "https://www.chess.com/game/live/74773045"]

1. e4 g6 2. d4 Bg7 3. c4 d6 4. f4 Nf6 5. Nc3 O-O 6. Nf3 Nbd7 7. e5 dxe5 8. dxe5 Ng4 9. Be2 Nc5 10. O-O Qxd1 11. Rxd1 Bf5 12. b4 Ne4 13. Nxe4 Bxe4 14. Ng5 Bf5 15. h3 Nh6 16. Bd3 Bxd3 17. Rxd3 Rad8 18. Rc3 Nf5 19. Bb2 Nd4 20. Rf1 Ne2+ 0-1

[Event "Live Chess"]
[Site "Chess.com"]
[Date "2010.12.07"]
[Round "-"]
[White "bigballsnwtn"]
[Black "hipposcottimus"]
[Result "1-0"]
[CurrentPosition "r4r1k/pb3ppQ/qp2pN2/3nB3/6N1/4P3/1P3PPP/3R1RK1 b - -"]
[Timezone "UTC"]
[ECO "D10"]
[ECOUrl "https://www.chess.com/openings/Slav-Defense-3.Nc3"]
[UTCDate "2010.12.07"]
[UTCTime "01:12:23"]
[WhiteElo "1844"]
[BlackElo "1664"]
[TimeControl "60"]
[Termination "bigballsnwtn won by checkmate"]
[StartTime "01:12:23"]
[EndDate "2010.12.07"]
[EndTime "01:13:47"]
[Link "https://www.chess.com/game/live/74772707"]

1. d4 d5 2. c4 c6 3. Nc3 Nd7 4. Nf3 Ngf6 5. Bf4 e6 6. e3 Nb6 7. Qc2 Nxc4 8. Bxc4 dxc4 9. O-O c5 10. Rad1 Qb6 11. Na4 Qc6 12. Ne5 Qa6 13. dxc5 Bxc5 14. Nxc5 Qxa2 15. Nxc4 O-O 16. Ne5 Nd5 17. Ne4 Qa6 18. Ng4 b6 19. Be5 Bb7 20. Nef6+ Kh8 21. Qxh7# 1-0

[Event "Live Chess"]
[Site "Chess.com"]
[Date "2010.12.07"]
[Round "-"]
[White "hipposcottimus"]
[Black "bigballsnwtn"]
[Result "0-1"]
[CurrentPosition "2r3k1/4pp1p/3p2pb/1R1P4/8/8/5PPP/1Rr3K1 w - -"]
[Timezone "UTC"]
[ECO "B06"]
[ECOUrl "https://www.chess.com/openings/Modern-Defense-with-1-e4-2.Nf3"]
[UTCDate "2010.12.07"]
[UTCTime "01:10:26"]
[WhiteElo "1668"]
[BlackElo "1840"]
[TimeControl "60"]
[Termination "bigballsnwtn won by resignation"]
[StartTime "01:10:26"]
[EndDate "2010.12.07"]
[EndTime "01:12:13"]
[Link "https://www.chess.com/game/live/74772252"]

1. e4 g6 2. Nf3 Bg7 3. d4 d6 4. c4 Nf6 5. d5 O-O 6. Nc3 c6 7. Be2 cxd5 8. cxd5 Bg4 9. O-O Nbd7 10. Nd4 Qb6 11. Bxg4 Nxg4 12. Qxg4 Qxd4 13. Nb5 Qb4 14. a4 Nc5 15. Nc7 Rac8 16. Nb5 Qxe4 17. Qf4 Qxf4 18. Bxf4 Bxb2 19. Rab1 Nxa4 20. Nxa7 Rc2 21. Nb5 Rfc8 22. Rfe1 Bc3 23. Red1 Ba5 24. Bh6 Nc3 25. Nxc3 R8xc3 26. Rxb7 Rc8 27. Rbb1 Bd2 28. Rb5 Bxh6 29. Rdb1 Rc1+ 0-1

[Event "Live Chess"]
[Site "Chess.com"]
[Date "2010.12.07"]
[Round "-"]
[White "hipposcottimus"]
[Black "izge"]
[Result "1-0"]
[CurrentPosition "q2k2Q1/2pr2pp/8/p1B1p3/4P3/5P1P/P1P3PK/1R6 b - -"]
[Timezone "UTC"]
[ECO "C55"]
[ECOUrl "https://www.chess.com/openings/Italian-Game-Two-Knights-Defense"]
[UTCDate "2010.12.07"]
[UTCTime "01:07:16"]
[WhiteElo "1673"]
[BlackElo "1733"]
[TimeControl "60"]
[Termination "hipposcottimus won by checkmate"]
[StartTime "01:07:16"]
[EndDate "2010.12.07"]
[EndTime "01:09:30"]
[Link "https://www.chess.com/game/live/74771542"]

1. e4 e5 2. Nf3 Nf6 3. Bc4 Nc6 4. Ng5 d5 5. exd5 Nxd5 6. Nxf7 Kxf7 7. Qf3+ Ke8 8. Bxd5 Qf6 9. Bxc6+ bxc6 10. Qc3 Bb7 11. d3 Bc5 12. f3 Bb6 13. Nd2 Rf8 14. Ne4 Qe7 15. Qd2 c5 16. O-O Bxe4 17. dxe4 Rd8 18. Qc3 Kd7 19. Kh1 Kc8 20. Be3 Rf6 21. b4 Rf7 22. bxc5 Bxc5 23. Bxc5 Qd7 24. Rab1 Qc6 25. Qb4 Qa8 26. Rfd1 Rxd1+ 27. Rxd1 Rd7 28. Rb1 Qc6 29. h3 Qa8 30. Kh2 a5 31. Qa3 Qa6 32. Qb3 Kd8 33. Qb8+ Qc8 34. Qb3 Qa8 35. Qg8# 1-0

[Event "Live Chess"]
[Site "Chess.com"]
[Date "2010.12.07"]
[Round "-"]
[White "izge"]
[Black "hipposcottimus"]
[Result "1-0"]
[CurrentPosition "1r3k2/6pp/5p2/p2R4/1p1P4/P1B3P1/1P3R1P/6K1 b - -"]
[Timezone "UTC"]
[ECO "D10"]
[ECOUrl "https://www.chess.com/openings/Slav-Defense-3.Nc3"]
[UTCDate "2010.12.07"]
[UTCTime "01:04:38"]
[WhiteElo "1742"]
[BlackElo "1662"]
[TimeControl "60"]
[Termination "izge won on time"]
[StartTime "01:04:38"]
[EndDate "2010.12.07"]
[EndTime "01:06:59"]
[Link "https://www.chess.com/game/live/74770972"]

1. d4 d5 2. c4 c6 3. Nc3 Nd7 4. e3 Ngf6 5. Nf3 e6 6. Bd2 Bb4 7. Be2 Bxc3 8. Bxc3 O-O 9. Rc1 c5 10. cxd5 cxd4 11. O-O e5 12. exd4 e4 13. Ne5 Nxd5 14. Nxd7 Qxd7 15. f3 Qf5 16. fxe4 Qxe4 17. Bf3 Qf5 18. Bg4 Qg5 19. Bf3 Bd7 20. Bxd5 Qxd5 21. Qf3 Qg5 22. g3 Bg4 23. Qf2 Bh3 24. Rfe1 Rad8 25. Re3 Rde8 26. Rf3 b6 27. Rf4 Re7 28. Bd2 Rfe8 29. Rh4 Qf5 30. Qxf5 Bxf5 31. Rf4 Bg6 32. Bc3 Re2 33. Kf1 R2e3 34. Kg1 Re2 35. Kf1 R2e7 36. Rf2 f6 37. Kg1 Bf7 38. Rcf1 Bd5 39. Rf4 Rc8 40. R1f2 a5 41. a3 Rb8 42. Re4 b5 43. Rxe7 Kf8 44. Rd7 b4 45. Rxd5 1-0

[Event "Live Chess"]
[Site "Chess.com"]
[Date "2010.12.07"]
[Round "-"]
[White "hipposcottimus"]
[Black "RealQueen"]
[Result "1-0"]
[CurrentPosition "r4rk1/b2b1ppp/p3p3/4P3/2Bq1P2/1Q1p4/PN4PP/R4R1K b - -"]
[Timezone "UTC"]
[ECO "C02"]
[ECOUrl "https://www.chess.com/openings/French-Defense-Advance-Variation"]
[UTCDate "2010.12.07"]
[UTCTime "01:01:46"]
[WhiteElo "1668"]
[BlackElo "1412"]
[TimeControl "60"]
[Termination "hipposcottimus won on time"]
[StartTime "01:01:46"]
[EndDate "2010.12.07"]
[EndTime "01:03:25"]
[Link "https://www.chess.com/game/live/74770325"]

1. e4 e6 2. d4 d5 3. e5 a6 4. f4 c5 5. Nf3 cxd4 6. Nxd4 Bc5 7. c4 Ne7 8. Be2 Nbc6 9. Nxc6 Nxc6 10. Kf1 d4 11. Bd2 Ne7 12. b4 Ba7 13. c5 Nd5 14. Kf2 b6 15. Rf1 bxc5 16. Kg1 cxb4 17. Bc4 d3+ 18. Kh1 Nc3 19. Bxc3 bxc3 20. Nxc3 Qd4 21. Qb3 Bd7 22. Nd1 O-O 23. Nb2 1-0

[Event "Live Chess"]
[Site "Chess.com"]
[Date "2010.12.07"]
[Round "-"]
[White "hipposcottimus"]
[Black "guikerr"]
[Result "1-0"]
[CurrentPosition "2Q1kr2/p3np2/2p5/2B5/2p4p/8/PPP2PPP/3RR1K1 b - -"]
[Timezone "UTC"]
[ECO "C40"]
[ECOUrl "https://www.chess.com/openings/Kings-Pawn-Opening-Kings-Knight-McConnell-Defense-3.Bc4"]
[UTCDate "2010.12.07"]
[UTCTime "00:58:39"]
[WhiteElo "1665"]
[BlackElo "1426"]
[TimeControl "60"]
[Termination "hipposcottimus won by checkmate"]
[StartTime "00:58:39"]
[EndDate "2010.12.07"]
[EndTime "00:59:58"]
[Link "https://www.chess.com/game/live/74769634"]

1. e4 e5 2. Nf3 Qf6 3. Bc4 h6 4. Nc3 c6 5. Nd5 d6 6. Nxf6+ gxf6 7. d4 Bg4 8. dxe5 h5 9. Qd3 h4 10. exd6 Bxd6 11. e5 Nd7 12. exd6 Rd8 13. Be3 Ne5 14. Qe4 Rxd6 15. Nxe5 fxe5 16. Qxe5+ Ne7 17. Qxd6 Rf8 18. Qb8+ Bc8 19. O-O Kd7 20. Rfe1 b5 21. Rad1+ Ke8 22. Bc5 bxc4 23. Qxc8# 1-0

[Event "Live Chess"]
[Site "Chess.com"]
[Date "2010.12.06"]
[Round "-"]
[White "Tommmmmm"]
[Black "hipposcottimus"]
[Result "1-0"]
[CurrentPosition "6rk/p6p/5p2/2p5/4BN2/2PP2PP/P4K2/R7 b - -"]
[Timezone "UTC"]
[ECO "C20"]
[ECOUrl "https://www.chess.com/openings/Kings-Pawn-Opening-The-Whale-Variation"]
[UTCDate "2010.12.06"]
[UTCTime "23:44:48"]
[WhiteElo "1580"]
[BlackElo "1662"]
[TimeControl "120+1"]
[Termination "Tommmmmm won on time"]
[StartTime "23:44:48"]
[EndDate "2010.12.06"]
[EndTime "23:48:23"]
[Link "https://www.chess.com/game/live/74752258"]

1. e4 e5 2. c4 c5 3. Nc3 d6 4. g3 Nf6 5. h3 Be6 6. d3 d5 7. cxd5 Bxd5 8. exd5 Nxd5 9. Bg2 Nxc3 10. bxc3 Nc6 11. Ne2 Bd6 12. O-O O-O 13. f4 f6 14. fxe5 fxe5 15. Rxf8+ Qxf8 16. Qb3+ Kh8 17. Qxb7 e4 18. Bxe4 Rd8 19. Qxc6 Qf6 20. Bf4 Bxf4 21. Qxf6 gxf6 22. Nxf4 Rg8 23. Kf2 1-0

[Event "Live Chess"]
[Site "Chess.com"]
[Date "2010.12.06"]
[Round "-"]
[White "hipposcottimus"]
[Black "Tommmmmm"]
[Result "1-0"]
[CurrentPosition "rn2k3/p2q3r/1pp1p3/3p2p1/3Pb3/6PP/PP2NQ2/4RRK1 b q -"]
[Timezone "UTC"]
[ECO "C00"]
[ECOUrl "https://www.chess.com/openings/Pirc-Defense-Small-Center-Defense"]
[UTCDate "2010.12.06"]
[UTCTime "23:39:36"]
[WhiteElo "1671"]
[BlackElo "1569"]
[TimeControl "120+1"]
[Termination "hipposcottimus won on time"]
[StartTime "23:39:36"]
[EndDate "2010.12.06"]
[EndTime "23:43:46"]
[Link "https://www.chess.com/game/live/74751114"]

1. e4 d6 2. d4 e6 3. Nf3 h6 4. c4 g6 5. Nc3 Bg7 6. e5 d5 7. Bg5 hxg5 8. cxd5 exd5 9. Bb5+ c6 10. Bd3 Be6 11. O-O Ne7 12. Qd2 Nf5 13. Nxg5 Bh6 14. f4 Bxg5 15. Bxf5 Bxf5 16. fxg5 Rh5 17. Qe2 Qxg5 18. Na4 b6 19. Qf2 Qh4 20. g3 Qh3 21. Nc3 Rh7 22. Ne2 Be4 23. Nf4 Qg4 24. h3 Qd7 25. Rae1 g5 26. e6 fxe6 27. Ne2 1-0

[Event "Live Chess"]
[Site "Chess.com"]
[Date "2010.12.06"]
[Round "-"]
[White "CoachTal"]
[Black "hipposcottimus"]
[Result "1-0"]
[CurrentPosition "5rk1/ppp1r1pp/5q2/4N3/3P4/2PQ2B1/PP4PP/4R2K b - -"]
[Timezone "UTC"]
[ECO "C31"]
[ECOUrl "https://www.chess.com/openings/Kings-Gambit-Declined-Falkbeer-Blackburne-Attack"]
[UTCDate "2010.12.06"]
[UTCTime "23:36:19"]
[WhiteElo "1944"]
[BlackElo "1665"]
[TimeControl "60"]
[Termination "CoachTal won on time"]
[StartTime "23:36:19"]
[EndDate "2010.12.06"]
[EndTime "23:38:27"]
[Link "https://www.chess.com/game/live/74750304"]

1. e4 e5 2. f4 d5 3. Nf3 dxe4 4. Nxe5 Bd6 5. Bc4 Bxe5 6. fxe5 Be6 7. Bxe6 fxe6 8. O-O Ne7 9. c3 Ng6 10. Qe2 Nc6 11. Qxe4 Ncxe5 12. d4 Nf7 13. Qf3 O-O 14. Qd3 Nfe5 15. Qc2 Ng4 16. Nd2 e5 17. Nf3 e4 18. Bg5 Qd7 19. Qxe4 Rae8 20. Qd3 Ne3 21. Rfe1 Nf5 22. Re5 Nfh4 23. Bxh4 Nxe5 24. Nxe5 Qe6 25. Bg3 Qf6 26. Re1 Re7 27. Kh1 1-0

[Event "Live Chess"]
[Site "Chess.com"]
[Date "2010.12.06"]
[Round "-"]
[White "hipposcottimus"]
[Black "CoachTal"]
[Result "0-1"]
[CurrentPosition "rn5q/ppk1bp2/2p1p3/2PpN3/2NPn3/1Q6/PP4Pr/R4RK1 w - -"]
[Timezone "UTC"]
[ECO "B02"]
[ECOUrl "https://www.chess.com/openings/Alekhines-Defense-Two-Pawns-Attack-3...Nb6-4.d4-d6"]
[UTCDate "2010.12.06"]
[UTCTime "23:34:02"]
[WhiteElo "1665"]
[BlackElo "1944"]
[TimeControl "60"]
[Termination "CoachTal won on time"]
[StartTime "23:34:02"]
[EndDate "2010.12.06"]
[EndTime "23:35:53"]
[Link "https://www.chess.com/game/live/74749635"]

1. e4 Nf6 2. e5 Nd5 3. c4 Nb6 4. d4 d6 5. f4 Bf5 6. Na3 d5 7. Nf3 e6 8. Be2 h6 9. O-O c6 10. c5 N6d7 11. Nh4 Bh7 12. f5 Be7 13. f6 gxf6 14. exf6 Nxf6 15. Bxh6 Be4 16. Bf3 Rxh6 17. Bxe4 Nxe4 18. Nf3 Kd7 19. Ne5+ Kc7 20. Qb3 Qh8 21. Nac4 Rxh2 0-1

[Event "Live Chess"]
[Site "Chess.com"]
[Date "2010.12.06"]
[Round "-"]
[White "JeeBusSS"]
[Black "hipposcottimus"]
[Result "0-1"]
[CurrentPosition "6k1/5ppp/p7/2p4P/p4p2/1n3Pb1/1P4K1/6rr w - -"]
[Timezone "UTC"]
[ECO "A00"]
[ECOUrl "https://www.chess.com/openings/Ware-Opening"]
[UTCDate "2010.12.06"]
[UTCTime "23:30:00"]
[WhiteElo "1476"]
[BlackElo "1665"]
[TimeControl "60"]
[Termination "hipposcottimus won by checkmate"]
[StartTime "23:30:00"]
[EndDate "2010.12.06"]
[EndTime "23:31:54"]
[Link "https://www.chess.com/game/live/74748656"]

1. a4 Nf6 2. Ra3 e5 3. Rb3 d5 4. d3 c5 5. c4 Be6 6. Rc3 d4 7. Rc2 a6 8. f3 b5 9. g4 bxa4 10. g5 Nh5 11. e3 dxe3 12. Bxe3 Nf4 13. Bxf4 exf4 14. Qe2 Qxg5 15. Nh3 Qh4+ 16. Qf2 Be7 17. Qxh4 Bxh4+ 18. Ke2 O-O 19. Nd2 Re8 20. d4 Bxh3+ 21. Ne4 Bf5 22. Bg2 Nc6 23. Kf1 Nxd4 24. Rd2 Nb3 25. Rd5 Bxe4 26. h3 Bxd5 27. cxd5 Rad8 28. Kg1 Rxd5 29. Kh2 Bg3+ 30. Kg1 Rd1+ 31. Bf1 Ree1 32. h4 Rxf1+ 33. Kg2 Rxh1 34. h5 Rdg1# 0-1

[Event "Live Chess"]
[Site "Chess.com"]
[Date "2010.12.06"]
[Round "-"]
[White "hipposcottimus"]
[Black "JeeBusSS"]
[Result "1-0"]
[CurrentPosition "1B6/8/8/7k/1p6/1K6/6R1/7R b - -"]
[Timezone "UTC"]
[ECO "B07"]
[ECOUrl "https://www.chess.com/openings/Pirc-Defense-Maroczy-Defense-3.dxe5-dxe5-4.Qxd8-Kxd8"]
[UTCDate "2010.12.06"]
[UTCTime "23:26:28"]
[WhiteElo "1661"]
[BlackElo "1480"]
[TimeControl "60"]
[Termination "hipposcottimus won by checkmate"]
[StartTime "23:26:28"]
[EndDate "2010.12.06"]
[EndTime "23:28:46"]
[Link "https://www.chess.com/game/live/74747922"]

1. e4 d6 2. d4 e5 3. dxe5 dxe5 4. Qxd8+ Kxd8 5. Nf3 Bd7 6. Nxe5 f6 7. Nf7+ Ke7 8. Nxh8 Nh6 9. Bc4 g6 10. Nc3 Bg7 11. Bxh6 Bxh8 12. O-O-O Be6 13. Nd5+ Bxd5 14. Bxd5 c6 15. Bc4 b5 16. Bb3 c5 17. c3 c4 18. Bc2 a5 19. b3 b4 20. cxb4 axb4 21. Bd2 Rxa2 22. Kb1 cxb3 23. Bxb3 Ra5 24. Kb2 Rb5 25. Kc2 Nc6 26. Be3 Na5 27. Rhe1 Rb8 28. Rc1 Nxb3 29. Kxb3 f5 30. Bc5+ Kf7 31. exf5 gxf5 32. Re7+ Kf6 33. Rce1 Kg5 34. h4+ Kxh4 35. g3+ Kh3 36. f3 Kxg3 37. f4 Kxf4 38. Bd6+ Be5 39. Bxe5+ Kf3 40. Bxb8 h5 41. Rf7 h4 42. Rxf5+ Kg4 43. Ref1 h3 44. R5f2 h2 45. Rxh2 Kg5 46. Rg2+ Kh5 47. Rh1# 1-0

[Event "Live Chess"]
[Site "Chess.com"]
[Date "2010.12.06"]
[Round "-"]
[White "JeeBusSS"]
[Black "hipposcottimus"]
[Result "0-1"]
[CurrentPosition "r3k2r/ppp2ppp/3nbq2/1P1K4/4n1P1/2PBP2P/P7/RNBQ3R w kq -"]
[Timezone "UTC"]
[ECO "A03"]
[ECOUrl "https://www.chess.com/openings/Birds-Opening-Dutch-Variation"]
[UTCDate "2010.12.06"]
[UTCTime "23:24:48"]
[WhiteElo "1484"]
[BlackElo "1657"]
[TimeControl "60"]
[Termination "hipposcottimus won by checkmate"]
[StartTime "23:24:48"]
[EndDate "2010.12.06"]
[EndTime "23:25:36"]
[Link "https://www.chess.com/game/live/74747617"]

1. f4 d5 2. h3 Nc6 3. g4 e5 4. c3 exf4 5. e3 fxe3 6. dxe3 Be7 7. b4 Bh4+ 8. Ke2 Nf6 9. b5 Ne5 10. Nf3 Nc4 11. Nxh4 Ne4 12. Kd3 Qxh4 13. Kd4 Qf6+ 14. Kxd5 Ncd6 15. Bd3 Be6# 0-1

[Event "Live Chess"]
[Site "Chess.com"]
[Date "2010.12.06"]
[Round "-"]
[White "hipposcottimus"]
[Black "JeeBusSS"]
[Result "1/2-1/2"]
[CurrentPosition "k7/P6R/8/3N4/8/4B3/5PPP/6K1 b - -"]
[Timezone "UTC"]
[ECO "B07"]
[ECOUrl "https://www.chess.com/openings/Pirc-Defense-Maroczy-Defense"]
[UTCDate "2010.12.06"]
[UTCTime "23:22:21"]
[WhiteElo "1653"]
[BlackElo "1488"]
[TimeControl "60"]
[Termination "Game drawn by stalemate"]
[StartTime "23:22:21"]
[EndDate "2010.12.06"]
[EndTime "23:24:20"]
[Link "https://www.chess.com/game/live/74746965"]

1. e4 e5 2. d4 d6 3. dxe5 dxe5 4. Qxd8+ Kxd8 5. Nf3 g6 6. Nxe5 f6 7. Nf7+ Ke8 8. Nxh8 Bb4+ 9. c3 Bc5 10. Bb5+ c6 11. Ba4 f5 12. O-O b5 13. Re1 bxa4 14. exf5+ Ne7 15. fxg6 a3 16. gxh7 axb2 17. Bxb2 a5 18. Ng6 Bd4 19. cxd4 Kf7 20. Nxe7 Kg7 21. h8=Q+ Kxh8 22. d5+ Kh7 23. dxc6 Nxc6 24. Nxc6 Ra6 25. Ne7 Bd7 26. Nc3 Re6 27. Ncd5 Rxe1+ 28. Rxe1 Bc6 29. Re6 Bxd5 30. Nxd5 Kg8 31. Ra6 Kf7 32. Ra7+ Ke8 33. Ra6 Kd7 34. Rh6 Kc8 35. Bc3 Kd7 36. Bxa5 Kc8 37. Bd2 Kd7 38. a4 Kc8 39. a5 Kb7 40. a6+ Ka8 41. Be3 Kb8 42. Rh7 Ka8 43. a7 1/2-1/2

[Event "Live Chess"]
[Site "Chess.com"]
[Date "2010.12.06"]
[Round "-"]
[White "JeeBusSS"]
[Black "hipposcottimus"]
[Result "0-1"]
[CurrentPosition "1k1r1b1r/pp3ppp/8/1P1q1b2/2K5/P7/3N4/R2n4 w - -"]
[Timezone "UTC"]
[ECO "A00"]
[ECOUrl "https://www.chess.com/openings/Saragossa-Opening"]
[UTCDate "2010.12.06"]
[UTCTime "23:20:03"]
[WhiteElo "1484"]
[BlackElo "1657"]
[TimeControl "60"]
[Termination "hipposcottimus won by checkmate"]
[StartTime "23:20:03"]
[EndDate "2010.12.06"]
[EndTime "23:21:52"]
[Link "https://www.chess.com/game/live/74746407"]

1. c3 c5 2. d4 cxd4 3. cxd4 d5 4. a3 Nc6 5. b4 e5 6. b5 Nxd4 7. e3 Ne6 8. f4 e4 9. f5 Ng5 10. h4 Bxf5 11. hxg5 Qxg5 12. Be2 Qg3+ 13. Kd2 O-O-O 14. Rh3 Qd6 15. Rh1 Kb8 16. g3 Rc8 17. Rh2 Qxg3 18. Rh1 Nf6 19. Bb2 Ng4 20. Be5+ Nxe5 21. Bf3 Nc4+ 22. Kc3 exf3 23. Nxf3 Nxe3+ 24. Kd4 Nxd1 25. Kxd5 Qxf3+ 26. Kd4 Qxh1 27. Nd2 Rd8+ 28. Kc4 Qd5# 0-1

[Event "Live Chess"]
[Site "Chess.com"]
[Date "2010.12.06"]
[Round "-"]
[White "hipposcottimus"]
[Black "JeeBusSS"]
[Result "1-0"]
[CurrentPosition "r2k4/4QB2/p7/3p1P2/1p6/8/Pq3P1P/R3RK2 b - -"]
[Timezone "UTC"]
[ECO "C41"]
[ECOUrl "https://www.chess.com/openings/Philidor-Defense"]
[UTCDate "2010.12.06"]
[UTCTime "23:17:30"]
[WhiteElo "1653"]
[BlackElo "1488"]
[TimeControl "60"]
[Termination "hipposcottimus won on time"]
[StartTime "23:17:30"]
[EndDate "2010.12.06"]
[EndTime "23:19:34"]
[Link "https://www.chess.com/game/live/74745778"]

1. e4 d6 2. Nf3 e5 3. d4 f6 4. dxe5 g5 5. exd6 g4 6. Nd4 cxd6 7. Nf5 Bxf5 8. exf5 h6 9. Be2 Qe7 10. O-O Qe5 11. Bxg4 Ne7 12. Re1 Qa5 13. Bd2 Qc7 14. Nc3 a6 15. Bh5+ Kd8 16. Qe2 b5 17. Qe6 Qd7 18. Qf7 b4 19. Ne4 d5 20. Nc5 Qc6 21. Ne6+ Kd7 22. Nd4 Qc4 23. Qe6+ Kd8 24. Nc6+ Nbxc6 25. Qxf6 Rg8 26. Bf7 Rg7 27. Bxh6 Rxg2+ 28. Kxg2 Qe4+ 29. Kf1 Qxc2 30. Bxf8 Qxb2 31. Bxe7+ Nxe7 32. Qxe7+ 1-0